 Dungeon Crawl Stone Soup version 0.27-a0-1188-g73eefd5def (webtiles) character file.

Game seed: 6591908698173265556

68 Zonian the Ducker (level 4, 0/20 HPs)
             Began as a Felid Artificer on May 22, 2021.
             Was a Believer of Wu Jian.
             Killed by nerve-wracking pain
             ... invoked by an orc priest
              (7 damage)
             ... on level 3 of the Dungeon.
             The game lasted 00:12:38 (5182 turns).

Zonian the Ducker (Felid Artificer)                 Turns: 5182, Time: 00:12:39

Health: 0/20       AC:  1    Str: 13    XL:     4   Next: 1%
Magic:  5/5        EV: 20    Int: 12    God:    Wu Jian [**....]
Gold:   109        SH:  0    Dex: 19    Spells: 0/3 levels left
                                        Lives:  0   Deaths: 1

rFire    . . .     SeeInvis +   (weapon unavailable)
rCold    . . .     Faith    .   (shield unavailable)
rNeg     . . .     Spirit   .   (armour unavailable)
rPois    .         Reflect  .   (helmet unavailable)
rElec    .         Harm     .   (cloak unavailable)
rCorr    .         Rampage  .   (gloves unavailable)
Will     .....                  (boots unavailable)
Stlth    +++.......             (no amulet)
HPRegen  0.06/turn              (no ring)
MPRegen  0.09/turn              (no ring)

@: studying Hexes, quick
A: very small, claws 1, fangs 3, see invisible, speed 1, shaggy fur 1, stealthy
paws, no weapons or thrown items, no armour, multi-lived, agile 1, strong 2
a: Renounce Religion, Wall Jump


You were on level 3 of the Dungeon.
You worshipped Wu Jian.
Wu Jian was pleased with you.
You visited 1 branch of the dungeon, and saw 3 of its levels.

You collected 109 gold pieces.

Inventory:

Wands
 a - a wand of flame (4) (quivered)
 b - a wand of charming (15)
Scrolls
 d - a scroll of teleportation
 j - 2 scrolls of fog
Potions
 e - 3 potions of curing
 f - a potion of lignification {unknown}
 g - 3 potions of might
 h - a potion of degeneration {unknown}
Miscellaneous
 c - a piece from Xom's chessboard (14/15)


   Skills:
 + Level 2.5 Fighting
 + Level 5.0 Dodging
 + Level 3.6 Stealth
 + Level 0.6 Unarmed Combat
 + Level 0.1 Spellcasting
 + Level 0.5 Hexes
 - Level 3.5 Evocations


You couldn't memorise any spells.
You knew the following spells:

 Your Spells              Type           Power      Damage    Failure   Level
a - Confusing Touch       Hex            1%         N/A       61%         3

Your spell library contained the following spells:

 Spells                   Type           Power      Damage    Failure   Level
 Corona                   Hex            1%         N/A       26%         1
 Ensorcelled Hibernation  Hex/Ice        0%         N/A       41%         2
 Tukima's Dance           Hex            1%         N/A       61%         3
 Dazzling Flash           Conj/Hex       0%         N/A       65%         3


Dungeon Overview and Level Annotations

Branches:
Dungeon (3/15)

Altars:
Wu Jian

Shops:
D:1 [


Innate Abilities, Weirdness & Mutations

You have sharp claws.
You have razor-sharp teeth.
You have supernaturally acute eyesight. (SInv)
You cover ground quickly. (Speed+)
You are covered in fur. (AC +1)
Your paws help you pounce on unaware monsters.
You are incapable of wielding weapons or throwing items.
You cannot wear armour.
You gain extra lives every three experience levels.
You are agile. (Dex +2)
Your muscles are very strong. (Str +4)


Message History

The orc priest invokes the aid of Beogh against you.
Beogh smites you!
Ouch! That really hurt!
You die...
You are now level 4!
You rejoin the land of the living...
You start waiting.
Done waiting.
You start waiting.
An orc priest is nearby!
Unknown command.
Aiming: Throw Flame
Press: ? - help, Shift-Dir - straight line, f - orc priest
Aim: an orc priest, wielding a +0 club and wearing a +0 leather armour (wandering, hasn't noticed you, 71% to hit)
The puff of flame hits the orc priest!
The orc priest is heavily wounded.
The orc priest shouts!
Aiming: Throw Flame
Press: ? - help, Shift-Dir - straight line, f/p - orc priest
Aim: an orc priest, wielding a +0 club and wearing a +0 leather armour (heavily wounded, 71% to hit)
The puff of flame hits the orc priest.
The orc priest is heavily wounded.
The orc priest calls down the wrath of Beogh upon you.
Beogh smites you!
Ouch! That really hurt!
* * * LOW HITPOINT WARNING * * *
Aiming: Throw Flame
Press: ? - help, Shift-Dir - straight line, f/p - orc priest
Aim: an orc priest, wielding a +0 club and wearing a +0 leather armour (heavily wounded, 71% to hit)
The puff of flame misses the orc priest.
Unknown command.
Aiming: Throw Flame
Press: ? - help, Shift-Dir - straight line, f/p - orc priest
Aim: an orc priest, wielding a +0 club and wearing a +0 leather armour (heavily wounded, 71% to hit)
The puff of flame hits the orc priest.
The orc priest is severely wounded.
Unknown command.
The orc priest calls down the wrath of Beogh upon you.
Pain shoots through your body!
You die...

.......###.###### #...#
...###...[.## #...# ...#
#..#...########...# ...#
######......##....# ...#
######.......# #### ###....####
#### ##......# ....## ###..o....#
.##...## #....#@...# .##
#..####.#.##....#
..####........##....#
...........).####).##
..........o..# #.##
..#####.....o####.# ########
.....##......o†.#.# #.......
......#......####.# #.......
.............####.########.......


You could see an orc priest.

Vanquished Creatures
  Jessica (D:2)
  4 adders
  A worm (D:2)
  4 dart slugs
  4 orcs (D:3)
  4 ball pythons
  5 endoplasms
  4 giant cockroaches
  6 goblins
  4 hobgoblins
  6 jackals
  2 quokkas
  3 bats
  2 frilled lizards
  2 kobolds
  7 rats
59 creatures vanquished.

Notes
Turn   | Place    | Note
-------+----------+-------------------------------------------
     0 | D:1      | Zonian the Felid Artificer began the quest for the Orb.
     0 | D:1      | Reached XP level 1. HP: 9/9 MP: 2/2
    28 | D:1      | Found a faded altar of an unknown god.
    39 | D:1      | Became a worshipper of the Wu Jian Council
    39 | D:1      | Reached * piety under Wu Jian
   758 | D:1      | Reached XP level 2. HP: 8/12 MP: 3/3
  1088 | D:1      | Found Cuthrethryare's Antique Armour Shop.
  1413 | D:1      | Reached skill level 4 in Dodging
  1726 | D:2      | Reached XP level 3. HP: 15/15 MP: 4/4
  2502 | D:2      | Noticed Jessica
  2506 | D:2      | Killed Jessica
  2568 | D:2      | Reached XP level 4. HP: 18/19 MP: 5/5
  2582 | D:2      | Reached ** piety under Wu Jian
  2684 | D:2      | Gained mutation: You are frail. (-10% HP) [potion of
                  | mutation]
  3009 | D:2      | Lost mutation: You are frail. (-10% HP) [potion of
                  | mutation]
  3009 | D:2      | Gained mutation: Your muscles are strong. (Str +2) [potion
                  | of mutation]
  3009 | D:2      | Gained mutation: You are agile. (Dex +2) [potion of
                  | mutation]
  3009 | D:2      | Gained mutation: Your muscles are very strong. (Str +4)
                  | [potion of mutation]
  4235 | D:3      | Identified a scroll of acquirement
  4235 | D:3      | Acquired a manual of Hexes
  4269 | D:3      | Learned a level 3 spell: Confusing Touch
  4340 | D:3      | Reached skill level 5 in Dodging
  4876 | D:3      | Reached XP level 5. HP: 13/23 MP: 6/6
  5061 | D:3      | Killed from afar by an orc priest
  5062 | D:3      | Reached XP level 4. HP: -6/20 MP: 5/5
  5182 | D:3      | Killed from afar by an orc priest

Illustrated notes

Levels and vault maps discovered:
D:1:      evilmike_arrival_crescent, layout_loops_ring, serial_shops, shop,
          hellmonk_ecumenical_altar_pennies_from_heaven
D:2:      layout_basic, uniq_jessica
D:3:      layout_rooms, gammafunk_temple_overflow_statue

Skill      XL: |  1  2  3  4 |
---------------+-------------+-----
Dodging        | 4 5 |  5.0
Stealth        | 2 3 |  3.6
Fighting       | 2 |  2.5
Unarmed Combat | |  0.6
Spellcasting   | |  0.1
Hexes          | |  0.5
Evocations     | |  3.5

Action                   |  1- 3 |  4- 6 || total
-------------------------+-------+-------++-------
Melee: Unarmed           |   132 |   138 ||   270
       Bite              |    10 |    19 ||    29
Invok: Whirlwind         |     4 |     3 ||     7
       Lunge             |     1 |    14 ||    15
 Abil: Wall Jump         |       |     5 ||     5
Evoke: Piece from Xom's  |     2 |     1 ||     3
       Wand              |     5 |     6 ||    11
  Use: Scroll            |     4 |     3 ||     7
       Potion            |     1 |     2 ||     3
 Stab: Paralysed         |     1 |       ||     1
       Sleeping          |     3 |     8 ||    11
Armor: Skin              |     8 |     4 ||    12
Dodge: Dodged            |   101 |    79 ||   180

Table legend: (Time is in decaauts)
 A = Elapsed time spent in this place.
 B = Non-inter-level travel time spent in this place.
 C = Inter-level travel time spent in this place.
 D = Time resting spent in this place.
 E = Time spent auto-exploring this place.
 F = Levels seen in this place.
 G = Mean time per level.
                   A        B        C        D        E       F      G
               +--------+--------+--------+--------+--------+-----+--------+
         Total |   4828 |   4760 |     68 |   2671 |   1305 |   3 | 1609.3 |
       Dungeon |   4828 |   4760 |     68 |   2671 |   1305 |   3 | 1609.3 |
               +--------+--------+--------+--------+--------+-----+--------+

Top non-repeatable levels by time:
     D:2: 2308 daAuts
     D:1: 1840 daAuts
     D:3: 678 daAuts
